| | 1:51 | Probe x12 | |
| | 2:03 | Unknown | |
| | 2:07 | Probe | |
| 13 | 2:19 | Probe | |
| 14 | 2:26 | Pylon | |
| 14 | 2:31 | Probe | |
| 15 | 2:44 | Probe | |
| 16 | 2:46 | Gateway | |
| 16 | 3:22 | Nexus | |
| 16 | 3:30 | Probe | |
| 17 | 3:42 | Cybernetics Core | |
| 17 | 3:47 | Assimilator | |
| 17 | 3:50 | Probe | |
| 17 | 3:53 | Assimilator | |
| 18 | 4:02 | Probe | |
| 19 | 4:13 | Probe, Pylon | |
| 20 | 4:22 | Probe | |
| 20 | 4:25 | Warp Gate | |
| 20 | 4:30 | Probe | |
| 21 | 4:31 | Zealot | |
| 22 | 4:41 | Probe | |
| 25 | 4:49 | Forge | |
| 25 | 4:51 | Probe | |
| 25 | 4:59 | Probe | |
| 26 | 5:04 | Twilight Council | |
| 27 | 5:08 | Probe | |
| 27 | 5:11 | Probe | |
| 29 | 5:17 | Pylon, Protoss Ground Weapons Level 1 | |
| 29 | 5:21 | Probe | |
| 30 | 5:33 | Probe | |
| 31 | 5:38 | Zealot | |
| 33 | 5:46 | Robotics Facility, Probe | |
| 33 | 5:49 | Zerg Flyer Weapons Level 3, Terran Ship Armor Level 3, Zerg Flyer Armor Level 3, Protoss Air Armor Level 3, Protoss Air Weapons Level 3, Terran Ship Weapons Level 3, Protoss Ground Weapons Level 3, Protoss Ground Armor Level 3, Zerg Ground Armor Level 3, Protoss Shields Level 3, Terran Infantry Weapons Level 3, Terran Vehicle Armor Level 3, Zerg Missile Weapons Level 3, Terran Vehicle Weapons Level 3, Zerg Melee Weapons Level 3, Terran Infantry Armor Level 3 | |
| 33 | 5:54 | Probe | |
| 34 | 5:59 | Charge | |
| 35 | 6:04 | Probe | |
| 35 | 6:10 | Protoss Ground Weapons Level 2, Terran Vehicle Weapons Level 2, Terran Ship Armor Level 2, Protoss Air Weapons Level 2, Zerg Ground Armor Level 2, Terran Infantry Armor Level 2, Terran Vehicle Armor Level 2, Zerg Flyer Armor Level 2, Terran Infantry Weapons Level 2, Protoss Ground Armor Level 2, Terran Ship Weapons Level 2, Protoss Air Armor Level 2, Zerg Flyer Weapons Level 2, Zerg Missile Weapons Level 2, Protoss Shields Level 2, Zerg Melee Weapons Level 2 | |
| 36 | 6:13 | Gateway | |
| 36 | 6:16 | Probe | |
| 36 | 6:17 | Gateway | |
| 37 | 6:25 | Stimpack, Blink | |
| 37 | 6:28 | Probe, Zealot | |
| 40 | 6:32 | Terran Infantry Armor Level 1, Terran Infantry Weapons Level 1, Protoss Air Armor Level 1, Zerg Flyer Weapons Level 1, Protoss Ground Weapons Level 1, Zerg Flyer Armor Level 1, Zerg Melee Weapons Level 1, Zerg Missile Weapons Level 1, Terran Ship Weapons Level 1, Zerg Ground Armor Level 1, Terran Vehicle Armor Level 1, Protoss Ground Armor Level 1, Terran Vehicle Weapons Level 1, Protoss Air Weapons Level 1, Terran Ship Armor Level 1, Protoss Shields Level 1 | |
| 40 | 6:34 | Warp Prism | |
| 42 | 6:40 | Gateway | |
| 42 | 6:45 | Gateway | |
| 42 | 6:46 | Charge, Weapon Refit, Warp Gate, Neosteel Armor, Resonating Glaives, Extended Thermal Lance | |
| 42 | 6:47 | Gateway | |
| 42 | 6:51 | Zealot | |
| 42 | 6:53 | Adrenal Glands, Ventral Sacs | |
| 44 | 6:59 | Enduring Locusts | |
| 44 | 7:00 | Personal Cloaking | |
| 44 | 7:01 | Gateway | |
| 44 | 7:03 | Gateway | |
| 44 | 7:05 | Gateway | |
| 44 | 7:07 | Infernal Pre-Igniter, Durable Materials, Tunneling Claws, Corvid Reactor, Combat Shield, Chitinous Plating, Metabolic Boost, Glial Reconstitution, Neosteel Frame, Psionic Storm, Cloaking Field, Neural Parasite, Centrifical Hooks | |
| 44 | 7:14 | Zealot x2 | |
| 44 | 7:15 | Burrow, Muscular Augments x2, Zealot | |
| 50 | 7:25 | Immortal | |
| 50 | 7:29 | Caduceus Reactor, Pathogen Glands, Behemoth Reactor, Gravitic Drive, Graviton Catapult, Gravitic Boosters, Hi-Sec Auto Tracking, Moebius Reactor | |
| 54 | 7:42 | Pylon | |
| 54 | 7:43 | Concussive Shells, Pneumatized Carapace | |
| 54 | 8:00 | Probe | |
| 55 | 8:09 | Zealot x3 | |
| 55 | 8:10 | Zealot x3 | |
| 56 | 8:12 | Probe | |
| 56 | 8:15 | Zealot | |
| 56 | 8:16 | Zealot x2 | |
| 56 | 8:26 | Unknown x5 | |